[Event "*** Titled Tuesday Blitz"]
[Site "Chess.com"]
[Date "2018.04.03"]
[Round "5"]
[White "ZapataCharlesS"]
[Black "AkshatChandra"]
[Result "1/2-1/2"]
[WhiteElo "2677"]
[BlackElo "2803"]
[TimeControl "180+2"]
[EndTime "14:10:18 PDT"]
[Termination "Game drawn - insufficient material"]

1. d4 Nf6 2. Nf3 d5 3. c4 e6 4. Nc3 a6 5. cxd5 exd5 6. Bg5 Be6 7. e3 Nbd7 8. Bd3 Bd6 9. O-O c6 10. Re1 Qc7 11. Bh4 h6 12. Bg3 Bxg3 13. hxg3 O-O 14. Rc1 Rfe8 15. a3 Qd6 16. Qc2 Rac8 17. b4 b5 18. Nd2 Nb6 19. Nb3 Nc4 20. Bxc4 dxc4 21. Nc5 Ra8 22. N5e4 Nxe4 23. Nxe4 Qd8 24.
Nc5 Ra7 25. Rcd1 a5 26. e4 axb4 27. axb4 Bg4 28. f3 Bh5 29. g4 Bg6 30. Qf2 Qa8 31.
d5 Ra2 32. Qe3 cxd5 33. Rxd5 Qxd5 34. exd5 Rxe3 35. Rxe3 Rd2 36. Re8+ Kh7 37. Nd7 f6 38. Nf8+ Kg8 39. Nxg6+ Kf7 40. Rb8 c3 41. Rxb5 c2 42.
Nh8+ Ke7 43. Rc5 Rd1+ 44. Kf2 c1=Q 45. Rxc1 Rxc1 46. Kg3 Kd6 47. Kf4 Kxd5 48. Kf5 Rc7 49. Kg6 Ke6 50. f4 Rb7 51. f5+ Ke5 52. Nf7+ Kf4 53.
Kxg7 Kxg4 54. Kxf6 Rb6+ 55. Kg7 Kxf5 56. Nxh6+ Kg5 57.
Nf7+ Kg4 58. b5 Rxb5 59. Kf6 Kg3 60. Ne5 Kxg2 61. Ke6 Kf2 62. Kd6 Ke3 63. Nc6 Rh5 64. Ne5 Ke4 65. Nc6 Rd5+ 66. Ke6 Rd1 67. Ne7 Ra1 68. Nc6 Rh1 69. Kd6 Rh6+ 70. Kc5 Rg6 71.
Nb4 Rg8 72. Nc6 Ra8 73. Kd6 Rh8 74. Kc5 Rh5+ 75. Kd6 Rd5+ 76. Ke6 Rd2 77. Ne7 Kd4 78. Nf5+ Kc5 79. Ke5 Re2+ 80. Kf6 Kd5 81. Ne7+ Ke4 82. Ke6 Rh2 83. Ng8 Rh8 84. Nf6+ Kf4 85. Nd5+ Kg5 86.
Ke5 Re8+ 87. Kd4 Kf5 88. Ne3+ Kf4 89. Nd5+ Kf3 90. Kc5 Rc8+ 91. Kd6 Rd8+ 92. Kc5 Ke4 93. Nc3+ Ke5 94. Kc4 Rc8+ 95. Kd3 Rc5 96. Ne2 Ra5 97. Nc3 Rc5 98. Ne2 Rc7 99. Ke3 Rh7 100. Ng1 Rh3+ 101.
Nxh3 1/2-1/2

[Event "*** Titled Tuesday Blitz"]
[Site "Chess.com"]
[Date "2018.04.03"]
[Round "6"]
[White "DrHolmes13"]
[Black "petrpalachev"]
[Result "1/2-1/2"]
[WhiteElo "2479"]
[BlackElo "2600"]
[TimeControl "180+2"]
[EndTime "14:12:26 PDT"]
[Termination "Game drawn by repetition"]

1. Nf3 d5 2. d4 Nf6 3. c4 e6 4. Nc3 a6 5. cxd5 exd5 6. Bf4 Bd6 7. Bxd6 Qxd6 8. e3 Bf5 9. Bd3 Bxd3 10. Qxd3 Nbd7 11. O-O O-O 12. Rac1 c6 13. Nd2 Rfe8 14. h3 g6 15. Rfe1 a5 16. e4 dxe4 17. Ndxe4 Nxe4 18. Nxe4 Qd5 19. Nc3 Qd6 20. Ne4 Qd5 21.
Nc3 Qd6 22. Ne4 1/2-1/2

[Event "*** Titled Tuesday Blitz"]
[Site "Chess.com"]
[Date "2018.04.03"]
[Round "6"]
[White "ahmadzada13"]
[Black "PchelkinVK"]
[Result "1/2-1/2"]
[WhiteElo "2600"]
[BlackElo "2387"]
[TimeControl "180+2"]
[EndTime "14:13:33 PDT"]
[Termination "Game drawn by agreement"]

1. e4 e6 2. d4 d5 3. Nd2 c5 4. exd5 Qxd5 5. Ngf3 cxd4 6. Bc4 Qd6 7. O-O Nf6 8. Nb3 Nc6 9. Nbxd4 Nxd4 10. Nxd4 Bd7 11. Bg5 O-O-O 12. Bb3 h5 13. c3 Ng4 14. Nf3 f6 15. Qxd6 Bxd6 1/2-1/2

[Event "*** Titled Tuesday Blitz"]
[Site "Chess.com"]
[Date "2018.04.03"]
[Round "6"]
[White "Firouzja2003"]
[Black "ZapataCharlesS"]
[Result "1-0"]
[WhiteElo "2756"]
[BlackElo "2669"]
[TimeControl "180+2"]
[EndTime "14:14:55 PDT"]
[Termination "Firouzja2003 won by resignation"]

1. d4 Nf6 2. c4 e6 3. g3 d5 4. Bg2 c6 5. Nf3 Nbd7 6. Qc2 Bb4+ 7. Nbd2 Ne4 8. O-O Bxd2 9. Nxd2 Nxd2 10. Bxd2 f5 11. Bb4 Nf6 12. a4 a5 13. Ba3 Kf7 14. f3 Re8 15. Rad1 b6 16. e4 dxc4 17. Rfe1 g6 18.
Qxc4 Qd7 19. b3 Ba6 20. Qc3 Rac8 21. Bb2 Qe7 22. Qe3 Kg8 23. d5 cxd5 24. exd5 Rc2 25. Ba1 Nxd5 26. Qe5 1-0

[Event "*** Titled Tuesday Blitz"]
[Site "Chess.com"]
[Date "2018.04.03"]
[Round "6"]
[White "Jbd735"]
[Black "ristingho"]
[Result "1-0"]
[WhiteElo "2233"]
[BlackElo "2282"]
[TimeControl "180+2"]
[EndTime "14:15:08 PDT"]
[Termination "Jbd735 won by checkmate"]

1. d4 Nf6 2. Nf3 c5 3. c3 g6 4. Nbd2 Bg7 5. dxc5 Na6 6. b4 Nd5 7. Qb3 Ndxb4 8. cxb4 Bxa1 9. h4 d6 10. h5 dxc5 11.
hxg6 hxg6 12. Rxh8+ Bxh8 13. Ng5 e6 14. Nde4 Nxb4 15.
Bf4 e5 16. Qxf7# 1-0

[Event "*** Titled Tuesday Blitz"]
[Site "Chess.com"]
[Date "2018.04.03"]
[Round "6"]
[White "PowerThinking2650"]
[Black "spidernv"]
[Result "1/2-1/2"]
[WhiteElo "2230"]
[BlackElo "2335"]
[TimeControl "180+2"]
[EndTime "14:15:30 PDT"]
[Termination "Game drawn by agreement"]

1. e4 c6 2. d4 d5 3. Nc3 dxe4 4. Nxe4 Nf6 5. Nxf6+ exf6 6. c3 Bd6 7. Bd3 O-O 8. Qc2 Re8+ 9. Ne2 h6 10. O-O Nd7 11. Ng3 Nf8 12. Nf5 Bxf5 13. Bxf5 Bc7 14. g3 Qd5 15.
Bh3 Qh5 16. Bg2 Re2 17. Qd3 Re7 18. Bf3 Qg6 19. Qxg6 Nxg6 20. Bd2 Rae8 21. Rfe1 f5 22. Rxe7 Rxe7 23. Re1 Kf8 24. Kf1 f4 25. c4 Rxe1+ 26. Bxe1 fxg3 27. Bb4+ Ke8 28. hxg3 Ne7 29. Ke2 Nc8 30.
Kd3 Bd6 31. c5 Be7 32. d5 cxd5 33. Bxd5 b6 34. Kc4 bxc5 35. Bxc5 Nb6+ 36. Bxb6 axb6 37. b4 f5 38. a3 Kd7 39. Kb5 Kc7 40. a4 Bf6 41.
Be6 Bd4 42. Bxf5 Bxf2 43. g4 Kd6 44. Ka6 Ke5 45. Bc8 Kf4 46. a5 bxa5 47. bxa5 g6 1/2-1/2

[Event "*** Titled Tuesday Blitz"]
[Site "Chess.com"]
[Date "2018.04.03"]
[Round "6"]
[White "JSPrepz"]
[Black "ChessWarrior7197"]
[Result "0-1"]
[WhiteElo "2581"]
[BlackElo "2660"]
[TimeControl "180+2"]
[EndTime "14:15:31 PDT"]
[Termination "ChessWarrior7197 won by resignation"]

1. e4 e5 2. Nf3 Nc6 3. Nc3 Nf6 4. a3 g6 5. Nxe5 Nxe5 6. d4 Nc6 7. d5 Bg7 8. dxc6 bxc6 9. Bd3 O-O 10. O-O d5 11.
Bg5 h6 12. Bh4 g5 13. Bg3 dxe4 14. Nxe4 Nxe4 15. Bxe4 Ba6 16. Qxd8 Raxd8 17. Rfb1 f5 18. Bxc7 Rd7 19. Bxc6 Rxc7 20. Bd5+ Kh8 21. c3 Rb8 22. Be6 Bc8 23. Bd5 f4 24. Re1 Bf5 25. Ra2 Rc5 26.
Bf7 Rcb5 27. Re2 Bxc3 28. b4 Bb1 29. Rab2 Bxb2 30. Rxb2 0-1

[Event "*** Titled Tuesday Blitz"]
[Site "Chess.com"]
[Date "2018.04.03"]
[Round "6"]
[White "Fighterman91"]
[Black "Zhuu96"]
[Result "1-0"]
[WhiteElo "2584"]
[BlackElo "2738"]
[TimeControl "180+2"]
[EndTime "14:15:39 PDT"]
[Termination "Fighterman91 won by resignation"]

1. e4 c5 2. Nf3 d6 3. d4 cxd4 4. Nxd4 Nf6 5. Nc3 a6 6. Bg5 Nbd7 7. Qe2 Qc7 8. O-O-O h6 9. Bh4 g6 10. f4 e5 11.
fxe5 dxe5 12. Nb3 Be7 13. Qf3 O-O 14. Rxd7 Bxd7 15. Bxf6 Bg4 16. Qxg4 Bxf6 17. Nd5 Qd6 18. h4 Bg7 19. h5 a5 20. a4 Kh7 21. Bb5 Bf6 22.
hxg6+ fxg6 23. Nd2 Kg7 24. Nf3 Rad8 25. Rh3 Qc5 26.
Rg3 Bg5+ 27. Kb1 Rd6 28. Nxg5 hxg5 29. Qxg5 Re6 30. Rh3 Rh8 31. Rxh8 Kxh8 32. Qd8+ 1-0

[Event "*** Titled Tuesday Blitz"]
[Site "Chess.com"]
[Date "2018.04.03"]
[Round "6"]
[White "patrisiii123"]
[Black "Aariow"]
[Result "0-1"]
[WhiteElo "2244"]
[BlackElo "2338"]
[TimeControl "180+2"]
[EndTime "14:15:48 PDT"]
[Termination "Aariow won by checkmate"]

1. e4 e5 2. Nf3 Nf6 3. Nxe5 d6 4. Nf3 Nxe4 5. Nc3 Nxc3 6. dxc3 Nc6 7. Be3 Be6 8. Qd2 Be7 9. O-O-O Bxa2 10. b3 a5 11. Kb2 a4 12. Ra1 axb3 13. cxb3 d5 14. Rxa2 Rxa2+ 15. Kxa2 Qa8+ 16. Kb1 O-O 17. Bd3 Bf6 18. Nd4 Ne5 19. g4 c5 20. Nf5 Qa3 21. Bc2 Ra8 22.
Bd1 Qa1+ 23. Kc2 Ra2# 0-1

[Event "*** Titled Tuesday Blitz"]
[Site "Chess.com"]
[Date "2018.04.03"]
[Round "6"]
[White "olomi007"]
[Black "dimke2802"]
[Result "1-0"]
[WhiteElo "2546"]
[BlackElo "2314"]
[TimeControl "180+2"]
[EndTime "14:15:50 PDT"]
[Termination "olomi007 won by resignation"]

1. e4 c5 2. Nf3 d6 3. d4 cxd4 4. Nxd4 Nf6 5. Nc3 Nc6 6. Bg5 e6 7. Qd2 a6 8. O-O-O Bd7 9. f4 h6 10. Bh4 Nxe4 11. Qe1 Nf6 12. Nf5 Qa5 13. Nxd6+ Bxd6 14. Rxd6 O-O-O 15. Bxf6 gxf6 16. Be2 Ne7 17. Bf3 Bc6 18.
Rxd8+ Rxd8 19. Bxc6 Nxc6 20. Qh4 Qf5 21. Rd1 Rxd1+ 22.
Kxd1 Nd4 23. Qf2 e5 24. g3 Qg4+ 25. Kd2 Qf5 26. Kc1 h5 27. b3 Kd7 28. Nd5 Kc6 29. Ne7+ 1-0

[Event "*** Titled Tuesday Blitz"]
[Site "Chess.com"]
[Date "2018.04.03"]
[Round "6"]
[White "Vadim_Biliy"]
[Black "FearNoEvil12"]
[Result "0-1"]
[WhiteElo "2116"]
[BlackElo "1997"]
[TimeControl "180+2"]
[EndTime "14:15:58 PDT"]
[Termination "FearNoEvil12 won by resignation"]

1. d4 b5 2. e3 a6 3. Nf3 Bb7 4. Be2 Nf6 5. O-O e6 6. a4 b4 7. a5 d6 8. b3 Nbd7 9. Bb2 Rg8 10. Qe1 g5 11. Qxb4 Rb8 12. Qa4 g4 13. Ne1 Ne4 14. b4 Bh6 15. b5 Qh4 16. bxa6 Ba8 17.
Bb5 Rd8 18. Bc6 Bxc6 19. Qxc6 Nxf2 20. Bc1 Nh3+ 21. Kh1 g3 22. a7 Nf2+ 0-1

[Event "*** Titled Tuesday Blitz"]
[Site "Chess.com"]
[Date "2018.04.03"]
[Round "6"]
[White "jefferyx"]
[Black "Patzel09"]
[Result "1-0"]
[WhiteElo "2758"]
[BlackElo "2552"]
[TimeControl "180+2"]
[EndTime "14:16:11 PDT"]
[Termination "jefferyx won by resignation"]

1. d4 Nf6 2. Nf3 g6 3. Nbd2 d5 4. b4 Bg7 5. e3 O-O 6. Bb2 a5 7. b5 c6 8. a4 Nbd7 9. Be2 c5 10. c4 b6 11. cxd5 Nxd5 12. O-O Bb7 13. Nc4 Rc8 14. Rc1 N7f6 15. dxc5 Rxc5 16. Bd4 Rc8 17. Bxb6 Nxb6 18. Qxd8 Rcxd8 19. Nxb6 Ne4 20. Rc7 Ba8 21. Nxa8 Rxa8 22.
Rfc1 Bf6 23. b6 Rab8 24. b7 Nd6 25. Ba6 Kg7 26. Kf1 g5 27. Ke2 g4 28. Nd2 h5 29.
Nb3 Nf5 30. Nxa5 Be5 31. R7c5 1-0

[Event "*** Titled Tuesday Blitz"]
[Site "Chess.com"]
[Date "2018.04.03"]
[Round "6"]
[White "HanSchut"]
[Black "FitnessBen"]
[Result "0-1"]
[WhiteElo "2193"]
[BlackElo "2472"]
[TimeControl "180+2"]
[EndTime "14:16:14 PDT"]
[Termination "FitnessBen won by resignation"]

1. e4 c5 2. Nf3 Nc6 3. d4 cxd4 4.
Nxd4 g6 5. c4 Nf6 6. Nc3 d6 7. Be2 Nxd4 8. Qxd4 Bg7 9. Bg5 O-O 10.
Qd2 a5 11. b3 Nxe4 12. Nxe4 Bxa1 13. Bh6 Bg7 14. Bxg7 Kxg7 15. h4 Bf5 16. Ng3 Qd7 17.
h5 Rh8 18. Qd4+ e5 19. Qh4 f6 20. c5 dxc5 21. h6+ Kf7 22. Nxf5 Qxf5 23. Bc4+ Ke7 24. O-O Qf4 25. Qh3 f5 26. g3 Qg4 27. Qg2 Qe4 28. f3 Qe3+ 29. Kh2 Qxh6+ 30. Kg1 Qe3+ 31. Kh2 Rad8 32.
Rf2 Qh6+ 33. Kg1 Rd1+ 34. Bf1 Qe3 35. f4 e4 36. Kh2 Rhd8 37. Re2 Qd4 38. Qh3 h5 39.
Qh4+ Qf6 40. Qh3 R8d2 0-1

[Event "*** Titled Tuesday Blitz"]
[Site "Chess.com"]
[Date "2018.04.03"]
[Round "6"]
[White "volodja49"]
[Black "SamCopeland"]
[Result "1-0"]
[WhiteElo "2402"]
[BlackElo "2017"]
[TimeControl "180+2"]
[EndTime "14:16:14 PDT"]
[Termination "volodja49 won by resignation"]

1. d4 f5 2. Nc3 Nf6 3. Bg5 e6 4. e4 fxe4 5. Nxe4 Be7 6. Bxf6 Bxf6 7. Nf3 O-O 8. Bd3 Nc6 9. c3 d5 10. Nxf6+ Qxf6 11. Qe2 Bd7 12. O-O Rae8 13. Rae1 Re7 14. Ne5 Nxe5 15. Qxe5 Qxe5 16. Rxe5 Rf6 17. Rfe1 g6 18.
Rxd5 exd5 19. Rxe7 Rf7 20. Rxf7 Kxf7 21. f4 h6 22. Kf2 b6 23. b4 Kf6 24. Kf3 Ba4 25. g4 Bd1+ 26. Kg3 a5 27. a3 Bb3 28. h4 Bd1 29.
g5+ hxg5 30. fxg5+ Kf7 31. Kf4 Bh5 32. Ke5 Bf3 33. Bb5 axb4 34. cxb4 1-0

[Event "*** Titled Tuesday Blitz"]
[Site "Chess.com"]
[Date "2018.04.03"]
[Round "6"]
[White "1977Ivan"]
[Black "Bauxi435"]
[Result "1-0"]
[WhiteElo "2435"]
[BlackElo "2435"]
[TimeControl "180+2"]
[EndTime "14:16:18 PDT"]
[Termination "1977Ivan won by resignation"]

1. d4 Nf6 2. Nf3 e6 3. e3 d5 4. b3 Nbd7 5. Bb2 c5 6. Bd3 cxd4 7. exd4 Bb4+ 8. c3 Bd6 9. O-O O-O 10. c4 b6 11. Nc3 dxc4 12. bxc4 Bb7 13. Nb5 Bb8 14. a4 a6 15. Nc3 Qc7 16. g3 Qc6 17. Be2 Rd8 18.
Qc2 e5 19. d5 Qd6 20. Ng5 Nc5 21. Ba3 h6 22. Nge4 Nfxe4 23. Nxe4 Qe7 24. Rab1 Bd6 25. Nxd6 Qxd6 26. a5 b5 27. Rfd1 Rac8 28. cxb5 axb5 29. Rxb5 Ba6 30. Rxc5 Bxe2 31. Rxc8 Bxd1 32. Bxd6 Bxc2 33. Rxd8+ 1-0

[Event "*** Titled Tuesday Blitz"]
[Site "Chess.com"]
[Date "2018.04.03"]
[Round "6"]
[White "LawrenceTrent"]
[Black "wonderfultime"]
[Result "0-1"]
[WhiteElo "2534"]
[BlackElo "2748"]
[TimeControl "180+2"]
[EndTime "14:16:27 PDT"]
[Termination "wonderfultime won by resignation"]

1. e4 c5 2. b3 Nf6 3. e5 Nd5 4. Bb2 Nc6 5. Nf3 d6 6. Bb5 Nc7 7. Bxc6+ bxc6 8. exd6 exd6 9. O-O Ne6 10. d4 Qf6 11. Bc3 Qf5 12. Re1 Be7 13. dxc5 Qxc5 14. Bb2 O-O 15. Nbd2 d5 16. Nf1 Re8 17. Ng3 Bf8 18.
Qd2 Qb4 19. Bc3 Qb6 20. Nf5 Bb7 21. Ng5 c5 22. Nxe6 Rxe6 23. Rxe6 Qxe6 24. Re1 Qxf5 0-1

[Event "*** Titled Tuesday Blitz"]
[Site "Chess.com"]
[Date "2018.04.03"]
[Round "6"]
[White "DiogenesSinopeus"]
[Black "Rodalquilar"]
[Result "0-1"]
[WhiteElo "2417"]
[BlackElo "2444"]
[TimeControl "180+2"]
[EndTime "14:16:29 PDT"]
[Termination "Rodalquilar won by resignation"]

1. d4 d5 2. c4 dxc4 3. e4 e5 4.
Nf3 exd4 5. Bxc4 Nc6 6. O-O Be6 7. Bxe6 fxe6 8. Qb3 Qd7 9. Qxb7 Rb8 10. Qa6 Nf6 11.
Nbd2 Bb4 12. Qd3 Bxd2 13. Bxd2 Rxb2 14. Rfc1 O-O 15. Rc4 Ng4 16. Be1 Qd6 17. Rxc6 Qxc6 18. Qxd4 Qc2 19. h3 Nf6 20. Bc3 Rb1+ 21. Rxb1 Qxb1+ 22.
Kh2 Qxe4 23. Qc5 Qf4+ 24. Kg1 Ne4 25. Qc4 Qc1+ 26. Kh2 Nxc3 27. Qxe6+ Kh8 28. Ne5 Qf4+ 29. Kh1 Ne4 30. Nf7+ Qxf7 0-1

[Event "*** Titled Tuesday Blitz"]
[Site "Chess.com"]
[Date "2018.04.03"]
[Round "6"]
[White "lachesisQ"]
[Black "temiksmozg"]
[Result "1-0"]
[WhiteElo "2914"]
[BlackElo "2552"]
[TimeControl "180+2"]
[EndTime "14:16:30 PDT"]
[Termination "lachesisQ won by resignation"]

1. e4 e6 2. d4 d5 3. Nc3 Bb4 4. e5 Qd7 5. a3 Bxc3+ 6. bxc3 b6 7. Qg4 f5 8. exf6 Nxf6 9. Qh4 Ba6 10. Bd3 Bxd3 11. cxd3 Nc6 12. Nf3 O-O-O 13. O-O h6 14. Ne5 Nxe5 15. dxe5 Ng8 16. a4 a5 17. Ba3 g5 18.
Qh3 h5 19. c4 g4 20. Qe3 dxc4 21. dxc4 Qd3 22. Qc1 Nh6 23. c5 b5 24. axb5 Qxb5 25. c6 Rd3 26. Rb1 Qd5 27. Qb2 Qxc6 28. Qb8+ Kd7 29. Qxh8 Nf5 30. Rb8 1-0

[Event "*** Titled Tuesday Blitz"]
[Site "Chess.com"]
[Date "2018.04.03"]
[Round "6"]
[White "Koksik_13"]
[Black "Jospem"]
[Result "0-1"]
[WhiteElo "2479"]
[BlackElo "2738"]
[TimeControl "180+2"]
[EndTime "14:16:39 PDT"]
[Termination "Jospem won on time"]

1. e4 c5 2. Nf3 d6 3. Bb5+ Nd7 4.
d4 cxd4 5. Qxd4 a6 6. Bxd7+ Bxd7 7. c4 e5 8. Qd3 Rc8 9. Nc3 h6 10. O-O Qc7 11. Nd2 Nf6 12. b3 b5 13. Bb2 Qb7 14.
Rfd1 Be7 15. f3 O-O 16. Nd5 Nxd5 17. cxd5 Bd8 18. Rac1 Bb6+ 19. Kh1 f5 20. h3 f4 21. Rxc8 Qxc8 22. Rc1 Qd8 23. Ba3 Rf6 24. Nf1 Rg6 25. Qd2 Qh4 26. Kh2 Bxh3 27. Qe1 Bf2 0-1

[Event "*** Titled Tuesday Blitz"]
[Site "Chess.com"]
[Date "2018.04.03"]
[Round "6"]
[White "indfraeng"]
[Black "nicegg"]
[Result "0-1"]
[WhiteElo "1816"]
[BlackElo "1896"]
[TimeControl "180+2"]
[EndTime "14:16:41 PDT"]
[Termination "nicegg won by checkmate"]

1. d4 Nf6 2. c4 e6 3. Nc3 Bb4 4. Qc2 c5 5. dxc5 Na6 6. a3 Bxc3+ 7. Qxc3 Nxc5 8. b4 Nce4 9. Qb2 O-O 10. Nf3 Ng4 11.
Bd2 Nexf2 12. Rg1 Ne4 13. Bc3 Nxc3 14. Qxc3 d5 15. h3 Nf6 16. e3 Ne4 17. Qc2 Qf6 18. O-O-O Qa1+ 19. Qb1 Qxa3+ 20. Qb2 Qxe3+ 21. Kb1 Qf4 22. Bd3 Bd7 23. cxd5 exd5 24. Bxe4 Qxe4+ 25. Ka1 Be6 26. Rge1 Qc4 27. Rd4 Qb5 28. Ng5 a5 29. Nxe6 axb4+ 30. Kb1 fxe6 31. Rg4 Qd3+ 32. Qc2 Ra1+ 33. Kb2 Ra2+ 34. Kxa2 Qxc2+ 35. Ka1 Ra8# 0-1

[Event "*** Titled Tuesday Blitz"]
[Site "Chess.com"]
[Date "2018.04.03"]
[Round "6"]
[White "Albertu"]
[Black "Slovak_fighter2000"]
[Result "1-0"]
[WhiteElo "2249"]
[BlackElo "2355"]
[TimeControl "180+2"]
[EndTime "14:16:44 PDT"]
[Termination "Albertu won by resignation"]

1. e4 e6 2. d4 d5 3. Nc3 Nf6 4. Bg5 dxe4 5. Nxe4 Be7 6. Bxf6 gxf6 7. Nf3 f5 8. Ng3 c5 9. dxc5 Qxd1+ 10. Rxd1 Bxc5 11. Bb5+ Bd7 12. Bxd7+ Nxd7 13. O-O O-O-O 14. Rd2 Be7 15. Rfd1 Bf6 16. c3 Ne5 17. Nxe5 Bxe5 18. Ne2 Rxd2 19. Rxd2 Rd8 20. Rxd8+ Kxd8 21. f4 Bf6 22. Kf2 Kd7 23. Ke3 Kd6 24. Ng1 Kd5 25. Kd3 b5 26. Nf3 a5 27. b3 a4 28. c4+ bxc4+ 29. bxc4+ Kc5 30. Ne5 Kb4 31. Nxf7 Ka3 32. c5 Kxa2 33. c6 Kb1 34. c7 Bb2 35. c8=Q a3 36. Qc2+ Ka1 37. Kc4 h5 38. Kb3 1-0

[Event "*** Titled Tuesday Blitz"]
[Site "Chess.com"]
[Date "2018.04.03"]
[Round "6"]
[White "Entilza"]
[Black "AndrewMcStone"]
[Result "1-0"]
[WhiteElo "2190"]
[BlackElo "2077"]
[TimeControl "180+2"]
[EndTime "14:16:46 PDT"]
[Termination "Entilza won by resignation"]

1. d4 Nf6 2. c4 Nc6 3. Nc3 e5 4. Nf3 e4 5. Ng5 Bb4 6. g3 h6 7. Nh3 d5 8. cxd5 Qxd5 9. e3 Bg4 10. Qc2 Nxd4 11. exd4 e3 12. Qa4+ c6 13. Qxb4 Qxh1 14. Bxe3 Bxh3 15. Ke2 Bg4+ 16. Kd2 O-O-O 17. Ba6 c5 18. Qxc5+ Kb8 19. Rxh1 bxa6 20. Bf4+ Kb7 21. Re1 Rd7 22. Re7 Rd8 23. Qb4+ Ka8 24. Rxd7 Bxd7 25.
Qe7 Re8 26. Qxf7 1-0

[Event "*** Titled Tuesday Blitz"]
[Site "Chess.com"]
[Date "2018.04.03"]
[Round "6"]
[White "ilmago"]
[Black "Karina_Oparina"]
[Result "1-0"]
[WhiteElo "1927"]
[BlackElo "2129"]
[TimeControl "180+2"]
[EndTime "14:16:49 PDT"]
[Termination "ilmago won by resignation"]

1. e4 c6 2. d4 d5 3. exd5 cxd5 4. c3 Nc6 5. Nf3 Bg4 6. Bf4 e6 7. Nbd2 Bd6 8. Bxd6 Qxd6 9. Qb3 Qc7 10. h3 Bxf3 11.
Nxf3 Nge7 12. Bb5 O-O 13. O-O a6 14. Bd3 b5 15. Qc2 Ng6 16. Rfe1 Rfc8 17. h4 Nb4 18. Qd2 Nxd3 19. Qxd3 Nf4 20. Qe3 h6 21. Ne5 Nh5 22. Nd3 Nf6 23. f3 Qg3 24. Qf4 Qxf4 25. Nxf4 b4 26. cxb4 Rc4 27. a3 Rxd4 28. Rac1 Rxf4 29.
Rc7 Rc4 30. Rc1 Rxc1+ 31. Rxc1 d4 32. Kf2 Rd8 33. Ke2 Nd5 34. g3 Ne3 35. Kd3 Nf5 36. Rc6 Nxg3 37. Rxa6 Nh5 38. b5 Nf4+ 39. Kd2 d3 40. b6 Nd5 41. b7 Nc7 42. Rc6 Ne8 43. Rc8 1-0

[Event "*** Titled Tuesday Blitz"]
[Site "Chess.com"]
[Date "2018.04.03"]
[Round "6"]
[White "Goala"]
[Black "ST-Sandavagur"]
[Result "0-1"]
[WhiteElo "2308"]
[BlackElo "2444"]
[TimeControl "180+2"]
[EndTime "14:17:01 PDT"]
[Termination "ST-Sandavagur won by checkmate"]

1. d4 Nf6 2. c4 g6 3. Nc3 Bg7 4. e4 d6 5. h3 O-O 6. Bg5 c6 7. Nf3 Na6 8. Be2 Nc7 9. O-O b5 10. cxb5 cxb5 11. Bxf6 Bxf6 12. Nxb5 Nxb5 13. Bxb5 Rb8 14.
a4 a6 15. Bc4 Rxb2 16. Rb1 Qb6 17. Qd3 Rxb1 18. Rxb1 Qc6 19. a5 Qa4 20. Bxa6 Qxa5 21. Bxc8 Rxc8 22. d5 Qa2 23. Rb7 Rc1+ 24. Kh2 Qxf2 25.
e5 Bxe5+ 26. Nxe5 Qf4+ 27. g3 Qf2# 0-1

[Event "*** Titled Tuesday Blitz"]
[Site "Chess.com"]
[Date "2018.04.03"]
[Round "6"]
[White "Eliwood44"]
[Black "2Tilted"]
[Result "0-1"]
[WhiteElo "2215"]
[BlackElo "2262"]
[TimeControl "180+2"]
[EndTime "14:17:01 PDT"]
[Termination "2Tilted won by resignation"]

1. d4 Nf6 2. Nf3 c5 3. d5 g6 4. Nc3 Bg7 5. e4 d6 6. Bb5+ Bd7 7. a4 O-O 8. h3 Na6 9. O-O Nc7 10. Bc4 b6 11. Re1 a6 12. Bf4 Rb8 13. Qe2 b5 14. axb5 axb5 15. Bb3 b4 16. Nd1 Bb5 17. Bc4 Nd7 18.
Ra7 Bxc4 19. Qxc4 Nb5 20. Ra1 Qc7 21. Rb1 Nd4 22. Nxd4 Bxd4 23. Be3 Bg7 24. Qe2 Ra8 25. Bf4 Ra2 26. Bc1 Rfa8 27. Ne3 Bd4 28. Nc4 Ne5 29. Nxe5 Bxe5 30. Qc4 Qa5 31. f4 Bd4+ 32. Kh2 Ra1 33. Rxa1 Qxa1 34. Qe2 Bxb2 35. Be3 Qa2 36. f5 Be5+ 37.
Kh1 b3 38. cxb3 Qxe2 39. Rxe2 Ra1+ 0-1

[Event "*** Titled Tuesday Blitz"]
[Site "Chess.com"]
[Date "2018.04.03"]
[Round "6"]
[White "RitvarsReimanis"]
[Black "TrimitziosP7"]
[Result "0-1"]
[WhiteElo "2380"]
[BlackElo "2609"]
[TimeControl "180+2"]
[EndTime "14:17:05 PDT"]
[Termination "TrimitziosP7 won by resignation"]

1. d4 d5 2. c4 c6 3. Nf3 Nf6 4. e3 a6 5. Bd2 b5 6. cxd5 cxd5 7. a4 bxa4 8. Qxa4+ Bd7 9. Qb3 e6 10. Ba5 Qc8 11. Nc3 Nc6 12. Ne5 Bd6 13. Nxc6 Bxc6 14. Be2 O-O 15. O-O Qd7 16. Na4 Rfb8 17. Nb6 Qe8 18.
Qc2 Ra7 19. Rfc1 Bb5 20. Bxb5 Qxb5 21. Nc8 Rd7 22. Nxd6 Rxd6 23. Bc7 Rc8 24. Bxd6 Rxc2 25. Rxc2 h6 26. Be5 Ne4 27. f3 Ng5 28. Kf2 f6 29.
Bd6 Kh7 30. h4 Nf7 31. Ba3 e5 32. Rd1 e4 33. Rc7 Kg8 34. f4 h5 35. Rc3 Nh6 36. Rd2 Ng4+ 37. Kg1 Qa5 38. Rdc2 Kh7 39. Rd2 Qa4 40.
Kf1 Qb5+ 41. Kg1 Nh6 42. Rdc2 Qd7 43. Rd2 Qg4 44. Rc5 Nf5 45. Rxd5 Nxe3 46. Ra5 Qxh4 47. Rf2 Ng4 0-1

[Event "*** Titled Tuesday Blitz"]
[Site "Chess.com"]
[Date "2018.04.03"]
[Round "6"]
[White "Yaacovn"]
[Black "ChessQueen"]
[Result "1-0"]
[WhiteElo "2648"]
[BlackElo "2649"]
[TimeControl "180+2"]
[EndTime "14:17:10 PDT"]
[Termination "Yaacovn won by resignation"]

1. d4 Nf6 2. Nf3 e6 3. e3 b6 4. Bd3 Bb7 5. O-O Be7 6. Nbd2 d5 7. Ne5 Nbd7 8. f4 O-O 9. Qf3 c5 10. c3 Rc8 11. g4 Nxe5 12. fxe5 Nd7 13. Qh3 g6 14. Nf3 a6 15. Bd2 b5 16. Rf2 b4 17.
Raf1 bxc3 18. bxc3 Nb6 19. Qh6 Nc4 20. Bc1 Bc6 21.
e4 cxd4 22. Ng5 Bxg5 23. Bxg5 f6 24. Bxf6 Qd7 25. exd5 Bxd5 26. Bxg6 Ne3 27. Qg5 h6 28. Bf7+ Kxf7 29. Qh5+ 1-0

[Event "*** Titled Tuesday Blitz"]
[Site "Chess.com"]
[Date "2018.04.03"]
[Round "6"]
[White "RojonR"]
[Black "nubair1198"]
[Result "0-1"]
[WhiteElo "2394"]
[BlackElo "2570"]
[TimeControl "180+2"]
[EndTime "14:17:23 PDT"]
[Termination "nubair1198 won on time"]

1. e4 c6 2. Nc3 d5 3. Qe2 d4 4.
Nd1 c5 5. g3 Nc6 6. d3 e5 7. f4 exf4 8. gxf4 Qh4+ 9. Nf2 Nf6 10. Nf3 Qh5 11. Rg1 Ng4 12. h3 Nxf2 13. Qxf2 Be7 14.
Rxg7 Nb4 15. Bg2 Bxh3 16. Bxh3 Qxh3 17. Kd1 O-O-O 18. a3 Nc6 19. Bd2 Rhg8 20. Rxg8 Rxg8 21. Ng5 Qh1+ 22. Qe1 Qh2 23. c4 h6 24. Nf3 Qh3 25.
Qe2 Rg3 26. Qf1 Qxf1+ 0-1

[Event "*** Titled Tuesday Blitz"]
[Site "Chess.com"]
[Date "2018.04.03"]
[Round "6"]
[White "2L8IWUN"]
[Black "gemarin"]
[Result "1-0"]
[WhiteElo "2116"]
[BlackElo "1886"]
[TimeControl "180+2"]
[EndTime "14:17:29 PDT"]
[Termination "2L8IWUN won by resignation"]

1. e4 c5 2. Nf3 Nc6 3. d4 cxd4 4. Nxd4 Nf6 5. Nc3 d6 6. Bg5 Qb6 7. Nb3 e6 8. Qd2 a6 9. O-O-O Bd7 10. f4 h6 11. Bxf6 gxf6 12. Be2 O-O-O 13. Bh5 Be8 14.
Rhe1 Kb8 15. Kb1 Rc8 16. g3 Be7 17. Nd5 exd5 18. exd5 Ne5 19. fxe5 fxe5 20. Bg4 Rc4 21. Bf5 Bg5 22. Qd3 Rc7 23. h4 Be7 24. Re4 Bb5 25. c4 Be8 26. c5 Qb5 27. Qd2 a5 28. c6 bxc6 29. Nxa5 c5 30. Re3 Ka8 31. Rb3 Qa6 32. Ra3 Ra7 33. Nc6 Qxa3 34. bxa3 Rb7+ 35. Kc2 Bxc6 36.
dxc6 Rb6 37. Qa5+ 1-0